 Dungeon Crawl Stone Soup version 0.20.1-1-g8b1a95d (webtiles) character file.

230 pstr the Conjurer (level 6, -16/32 HPs)
             Began as a Kobold Conjurer on Nov 27, 2017.
             Demolished by Regeox's ghost (20 damage)
             ... on level 4 of the Dungeon.
             The game lasted 00:08:31 (3539 turns).

pstr the Conjurer (Kobold Conjurer)                 Turns: 3539, Time: 00:08:33

Health: -16/32     AC:  2    Str:  5    XL:     6   Next: 24%
Magic:  2/11       EV: 16    Int: 18    God:
Gold:   152        SH:  0    Dex: 16    Spells: 9/12 levels left

rFire    + + .     SeeInvis .   n - +4 spear (venom)
rCold    + . .     Gourm    .   (shield restricted)
rNeg     + . .     Faith    .   a - +0 robe
rPois    +         Spirit   .   (no helmet)
rElec    +         Reflect  .   (no cloak)
rCorr    +         Harm     .   (no gloves)
MR       .....                  (no boots)
Stlth    +.........             (no amulet)
Regen    0.1/turn               l - ring of protection from fire
MPRegen  0.2/turn               u - ring of positive energy

@: confused, lethally poisoned (-16 -> -23), resistant, drained
A: carnivore 3
a: no special abilities


You were on level 4 of the Dungeon.
You were very full.

You visited 1 branch of the dungeon, and saw 4 of its levels.

You collected 152 gold pieces.

Inventory:

Hand Weapons
 n - a +4 spear of venom (weapon)
Missiles
 d - 81 arrows
 e - 79 stones (quivered)
Armour
 a - a +0 robe (worn)
 f - a +0 ring mail
Jewellery
 l - a ring of protection from fire (left hand)
 u - a ring of positive energy (right hand)
Scrolls
 h - a scroll of noise
 j - 4 scrolls of remove curse
 k - a scroll of recharging
 q - a scroll of amnesia
 r - a scroll of blinking {unknown}
 s - a scroll of enchant weapon
 w - 2 scrolls of identify
Potions
 m - 2 potions of flight
 o - a potion of resistance
 p - a potion of might {unknown}
 t - 2 potions of brilliance
Books
 b - a book of Conjurations

   Spells                             Type                      Level
   a - Magic Dart                     Conjuration                  1
   b - Searing Ray                    Conjuration                  2
   c - Dazzling Spray                 Conjuration/Hexes            3
   d - Fulminant Prism                Conjuration/Hexes            4
   e - Force Lance                    Conjuration/Translocation    4
   f - Iskenderun's Mystic Blast      Conjuration                  4
 i - a book of Changes

   Spells                             Type                      Level
   a - Beastly Appendage              Transmutation                1
   b - Sticks to Snakes               Transmutation                2
   c - Spider Form                    Transmutation/Poison         3
   d - Ice Form                       Ice/Transmutation            4
   e - Blade Hands                    Transmutation                5
Comestibles
 c - 2 meat rations
 g - a royal jelly


   Skills:
 + Level 3.2(3.1) Dodging
 + Level 3.5(3.4) Stealth
 + Level 3.9(3.8) Spellcasting
 + Level 5.6(5.4) Conjurations


You had 9 spell levels left.
You knew the following spells:

 Your Spells              Type           Power        Failure   Level  Hunger
a - Magic Dart            Conj           ###.         1%          1    None
b - Searing Ray           Conj           ###...       2%          2    ##.....


Dungeon Overview and Level Annotations

Branches:
Dungeon (4/15)
 Temple: D:4-7

Altars:
Ashenzari
Elyvilon
Fedhas

Annotations:
D:4 1 transporter, Regeox's ghost, amateur DsCK


Innate Abilities, Weirdness & Mutations

You are small and have problems with some larger weapons.
You are carnivorous and can eat meat at any time.


Message History

Regeox's ghost is severely damaged.
You feel sick.
Regeox's ghost makes a sound of rattling chains.
Regeox's ghost barely misses you.
You hit Regeox's ghost.
Regeox's ghost is severely damaged.
You feel sick. Regeox's ghost hits you.
You closely miss Regeox's ghost.
Regeox's ghost is severely damaged.
You feel sick. Regeox's ghost hits you!
* * * LOW HITPOINT WARNING * * *
You are confused.
You hit Regeox's ghost.
Regeox's ghost is severely damaged.
* * * LOW HITPOINT WARNING * * *
You feel sick. Regeox's ghost hits you.
* * * LOW HITPOINT WARNING * * *
Space warps horribly around you!
Ouch! That really hurt!
You die...

#####.##.#
........
##......
#.....#
#...# #.#
#.# #W#
##@##
##...##
##.....##
##.......##
#.........#
+.........+
#.........#
##.......##
##..<...#


You could see Regeox's ghost.

Vanquished Creatures
  An ogre (D:3)
  A howler monkey skeleton (D:4)
  5 adders
  2 worms
  3 dart slugs
  5 leopard geckos
  An orc (D:3)
  12 bats
  2 giant cockroaches
  5 goblins
  9 hobgoblins
  6 jackals (D:3)
  2 kobolds
  2 quokkas (D:3)
  A ball python (D:2)
  5 frilled lizards
  9 rats
71 creatures vanquished.

Notes
Turn   | Place    | Note
-------+----------+-------------------------------------------
     0 | D:1      | pstr the Kobold Conjurer began the quest for the Orb.
     0 | D:1      | Reached XP level 1. HP: 10/10 MP: 3/3
   236 | D:1      | Reached XP level 2. HP: 15/15 MP: 3/5
   240 | D:1      | Learned a level 2 spell: Searing Ray
   646 | D:1      | Reached XP level 3. HP: 19/19 MP: 3/6
  1262 | D:2      | Found a shattered altar of Ashenzari.
  1620 | D:2      | Found a blossoming altar of Fedhas.
  1646 | D:2      | Reached XP level 4. HP: 24/24 MP: 2/7
  1849 | D:2      | Reached skill level 5 in Conjurations
  2323 | D:3      | Noticed an ogre
  2328 | D:3      | Killed an ogre
  2328 | D:3      | Reached XP level 5. HP: 28/28 MP: 2/10
  2582 | D:3      | Found a white marble altar of Elyvilon.
  2748 | D:3      | Reached XP level 6. HP: 32/32 MP: 0/11
  3471 | D:4      | Found a transporter.
  3519 | D:4      | Noticed Regeox's ghost (amateur DsCK)
  3539 | D:4      | Demolished by Regeox's ghost

Skill      XL: |  1  2  3  4  5 |
---------------+----------------+-----
Stealth        | 3 |  3.5
Conjurations   | 5 |  5.6
Spellcasting   | 3 |  3.9
Dodging        | 3 |  3.2

Action                   |  1- 3 |  4- 6 || total
-------------------------+-------+-------++-------
Melee: Spear             |       |    10 ||    10
 Cast: Magic Dart        |    68 |    67 ||   135
       Searing Ray       |     2 |    13 ||    15
  Use: Scroll            |       |     6 ||     6
       Potion            |       |     4 ||     4
  Eat: Chunk             |    11 |     5 ||    16
Armor: Robe              |     2 |     8 ||    10
Dodge: Dodged            |    26 |    27 ||    53
